 Dungeon Crawl Stone Soup version 0.24.0-123-gd5b16e6ec5 (webtiles) character file.

Game seed: 7329188678155123603, levelgen mode: deterministic

1383 FishyPogo the Charmwright (level 8, -2/64 HPs)
             Began as a Gnoll Skald on Dec 20, 2019.
             Was a Believer of Makhleb.
             Shot with a bolt by an orc warrior (26 damage)
             ... in a bailey.
             The game lasted 00:22:31 (4633 turns).

FishyPogo the Charmwright (Gnoll Skald)             Turns: 4633, Time: 00:22:31

Health: -2/64      AC: 10    Str: 19    XL:     8   Next: 67%
Magic:  11/17      EV: 16    Int: 22    God:    Makhleb [**....]
Gold:   314        SH:  0    Dex: 25    Spells: 8/19 levels left

rFire    . . .     SeeInvis .   a - +6 whip of the Inferno {venom, *Noise Int+7 Dex+10 Stlth-}
rCold    . . .     Gourm    .   (no shield)
rNeg     . . .     Faith    .   t - +2 ring mail {rPois}
rPois    +         Spirit   .   c - +0 hat
rElec    .         Reflect  .   f - +0 cloak
rCorr    .         Harm     .   (no gloves)
MR       .....                  r - +0 pair of boots
Stlth    ++........             (no amulet)
HPRegen  1.20/turn              l - +3 ring of strength
MPRegen  0.15/turn              C - ring of stealth

@: regenerating (expiring)
A: distributed training, fangs 1, strong nose
a: Minor Destruction, Renounce Religion


You were in a bailey.
You worshipped Makhleb.
Makhleb was pleased with you.
You were not hungry.

You visited 2 branches of the dungeon, and saw 8 of its levels.
You also visited: Bailey.

You collected 314 gold pieces.

Inventory:

Hand Weapons
 a - the +6 whip of the Inferno (weapon) {venom, *Noise Int+7 Dex+10 Stlth-}
   (You found it on level 4 of the Dungeon)

   It poisons the flesh of those it strikes.
   It affects your intelligence (+7).
   It affects your dexterity (+10).
   It may make noises in combat.
   It makes you less stealthy.
 b - a +1 falchion
 v - a +0 dagger of pain
 A - a +3 falchion
 B - a +0 spear of venom
Missiles
 g - 228 stones
 n - 6 atropa-tipped darts
 q - 4 poisoned darts (quivered)
 x - 3 boomerangs
Armour
 c - a +0 hat (worn)
 f - a +0 cloak (worn)
 m - a +0 leather armour
 r - a +0 pair of boots (worn)
 t - a +2 ring mail of poison resistance (worn)
 u - a scarf of cloud immunity
 G - a scarf of resistance
 H - a scarf of cloud immunity
Magical Staves
 k - an uncursed staff of fire
Jewellery
 l - a +3 ring of strength (left hand)
 C - a ring of stealth (right hand)
Scrolls
 e - 3 scrolls of enchant weapon
 h - 2 scrolls of identify
 i - 2 scrolls of immolation
 p - 4 scrolls of remove curse
 y - 2 scrolls of enchant armour {unknown}
 F - a scroll of holy word {unknown}
Potions
 o - 2 potions of ambrosia {unknown}
 s - a potion of might {unknown}
 w - a potion of heal wounds {unknown}
 z - 2 potions of cancellation
 D - 2 potions of curing
 E - a potion of mutation {unknown}
 I - a potion of agility {unknown}
Comestibles
 d - 11 rations
 j - 7 chunks of flesh


   Skills:
 + Level 5.8 Fighting
 + Level 3.4 Short Blades
 + Level 5.8 Long Blades
 + Level 3.4 Axes
 + Level 3.4 Maces & Flails
 + Level 3.4 Polearms
 + Level 3.4 Staves
 + Level 3.4 Slings
 + Level 3.4 Bows
 + Level 3.4 Crossbows
 + Level 3.4 Throwing
 + Level 4.3 Armour
 + Level 5.8 Dodging
 + Level 3.4 Stealth
 + Level 3.4 Shields
 + Level 3.4 Unarmed Combat
 + Level 6.1 Spellcasting
 + Level 2.8 Conjurations
 + Level 2.8 Hexes
 + Level 6.2 Charms
 + Level 2.8 Summonings
 + Level 2.8 Necromancy
 + Level 2.8 Translocations
 + Level 2.8 Transmutations
 + Level 2.8 Fire Magic
 + Level 2.8 Ice Magic
 + Level 2.8 Air Magic
 + Level 2.8 Earth Magic
 + Level 2.8 Poison Magic
 + Level 3.7 Invocations
 + Level 3.4 Evocations


You had 8 spell levels left.
You knew the following spells:

 Your Spells              Type           Power        Failure   Level  Hunger
h - Regeneration          Chrm/Necr      ####......   7%          3    #......
n - Spectral Weapon       Hex/Chrm       ####....     7%          3    #......
p - Shroud of Golubria    Chrm/Tloc      ####..       3%          2    None
u - Song of Slaying       Chrm           ####....     1%          2    None
y - Infusion              Chrm           ####         1%          1    None

Your spell library contained the following spells:

 Spells                   Type           Power        Failure   Level  Hunger


Dungeon Overview and Level Annotations

Branches:
Dungeon (7/15)             Temple (1/1) D:4          Bailey (1/1)

Altars:
Ashenzari
Cheibriados
Dithmenos
Elyvilon
Fedhas
Gozag
Kikubaaqudgha
Makhleb
Nemelex Xobeh
Okawaru
Qazlal
Ru
Sif Muna
Trog
Uskayaw
Vehumet
Wu Jian
Xom
Yredelemnul
Zin
The Shining One

Shops:
D:7 :[


Innate Abilities, Weirdness & Mutations

Your experience applies equally to all skills.
You have very sharp teeth.
Your uncanny sense of smell can sniff out nearby items.


Message History

Press: ? - help, Shift-Dir - straight line, f/p - orc
Aim: an orc, wielding a +0 arbalest and wearing a +0 ring mail (moderately wounded)
The zap hits the orc.
The orc is almost dead.
Your skin is crawling a little less now.
The orc shoots a bolt.
The bolt closely misses you.
Press: ? - help, Shift-Dir - straight line, f/p - orc
Aim: an orc, wielding a +0 arbalest and wearing a +0 ring mail (almost dead)
The orc struggles to resist.
The orc shoots a bolt.
The bolt hits you but does no damage.
Press: ? - help, Shift-Dir - straight line, f/p - orc
Aim: an orc, wielding a +0 arbalest and wearing a +0 ring mail (almost dead)
The orc writhes in agony.
You kill the orc!
Makhleb accepts your kill.
You see here 2 bolts.
The orc warrior shoots a bolt.
The bolt hits you!
You see here a bolt.
The orc warrior shoots a bolt.
The bolt hits you!!
You die...

............#
..............#
..........)...#
#.............#
#.............#
#.............#
#.........(...#
#.........((..#
#......@(.(...#
.........(..(.#
..........(...#
..≈≈≈≈≈.......#
.≈≈#)#≈≈......#
.≈#∩.##≈......#
.≈.. )o≈......#
≈##.##≈......#
# ≈≈......#


You could see an orc warrior.

Vanquished Creatures
  Menkaure (D:6)
  A water moccasin (D:6)
  An orc warrior (Bailey)
  A sky beast (D:5)
  A bullfrog (D:6)
  2 crimson imps (D:5)
  A jelly (D:5)
  3 hounds
  An orc priest (D:4)
  6 orc wizards
  A bullfrog skeleton (D:4)
  Terence (D:3)
  2 iguanas
  A worker ant (D:4)
  A killer bee zombie (D:6)
  A hound skeleton (D:5)
  4 adders
  An ooze (D:1)
  An adder zombie (D:7)
  3 worms
  2 dart slugs (D:2)
  4 leopard geckos
  20 orcs
  A ball python (D:2)
  6 giant cockroaches
  10 goblins
  5 hobgoblins
  10 jackals
  8 kobolds
  5 quokkas
  10 bats
  8 frilled lizards
  A leopard gecko skeleton (D:4)
  4 rats
128 creatures vanquished.

Vanquished Creatures (collateral kills)
  Grinder (D:5)
1 creature vanquished.

Grand Total: 129 creatures vanquished

Notes
Turn   | Place    | Note
-------+----------+-------------------------------------------
     0 | D:1      | FishyPogo the Gnoll Skald began the quest for the Orb.
     0 | D:1      | Reached XP level 1. HP: 20/20 MP: 6/6
    49 | D:1      | Reached XP level 2. HP: 23/26 MP: 7/7
   462 | D:2      | Reached XP level 3. HP: 21/31 MP: 9/9
   466 | D:2      | Learned a level 2 spell: Song of Slaying
   469 | D:2      | Learned a level 2 spell: Shroud of Golubria
   473 | D:2      | Learned a level 3 spell: Regeneration
   477 | D:2      | Learned a level 3 spell: Spectral Weapon
   516 | D:2      | Reached skill level 5 in Spellcasting
   564 | D:2      | You fall into a shaft and drop 2 floors!
   564 | D:4      | Noticed an ogre
   577 | D:4      | Got a warped whip
   579 | D:4      | Identified the +6 whip of the Inferno {venom, *Noise Int+7
                  | Dex+10 Stlth-} (You found it on level 4 of the Dungeon)
   609 | D:4      | Found a staircase to the Ecumenical Temple.
   618 | Temple   | Entered the Ecumenical Temple
   719 | Temple   | Became a worshipper of Makhleb the Destroyer
   776 | D:4      | Reached skill level 1 in Short Blades
   776 | D:4      | Reached skill level 1 in Axes
   776 | D:4      | Reached skill level 1 in Maces & Flails
   776 | D:4      | Reached skill level 1 in Polearms
   776 | D:4      | Reached skill level 1 in Staves
   776 | D:4      | Reached skill level 1 in Slings
   776 | D:4      | Reached skill level 1 in Bows
   776 | D:4      | Reached skill level 1 in Crossbows
   776 | D:4      | Reached skill level 1 in Throwing
   776 | D:4      | Reached skill level 1 in Stealth
   776 | D:4      | Reached skill level 1 in Shields
   776 | D:4      | Reached skill level 1 in Unarmed Combat
   776 | D:4      | Reached skill level 1 in Invocations
   776 | D:4      | Reached skill level 1 in Evocations
   862 | D:5      | Entered Level 5 of the Dungeon
   879 | D:5      | Reached XP level 4. HP: 36/38 MP: 6/11
  1093 | D:2      | Found a burning altar of Makhleb.
  1660 | D:3      | Reached skill level 1 in Conjurations
  1660 | D:3      | Reached skill level 1 in Hexes
  1660 | D:3      | Reached skill level 1 in Summonings
  1660 | D:3      | Reached skill level 1 in Necromancy
  1660 | D:3      | Reached skill level 1 in Translocations
  1660 | D:3      | Reached skill level 1 in Transmutations
  1660 | D:3      | Reached skill level 1 in Fire Magic
  1660 | D:3      | Reached skill level 1 in Ice Magic
  1660 | D:3      | Reached skill level 1 in Air Magic
  1660 | D:3      | Reached skill level 1 in Earth Magic
  1660 | D:3      | Reached skill level 1 in Poison Magic
  1774 | D:3      | Reached * piety under Makhleb
  1774 | D:3      | Reached XP level 5. HP: 42/43 MP: 2/12
  1948 | D:3      | Reached XP level 6. HP: 50/50 MP: 8/13
  1980 | D:3      | Noticed Terence
  1992 | D:3      | Killed Terence
  2732 | D:4      | Reached skill level 5 in Fighting
  2732 | D:4      | Reached skill level 5 in Long Blades
  2732 | D:4      | Reached skill level 5 in Dodging
  2747 | D:4      | Reached XP level 7. HP: 37/56 MP: 7/15
  2750 | D:4      | Reached ** piety under Makhleb
  2990 | D:5      | Noticed Grinder
  2990 | D:5      | Paralysed by Grinder for 4 turns
  3012 | D:5      | Paralysed by Grinder for 6 turns
  3020 | D:5      | Killed Grinder
  3426 | D:5      | Reached XP level 8. HP: 63/63 MP: 9/16
  3882 | D:6      | Noticed Menkaure
  3887 | D:6      | Killed Menkaure
  4451 | D:7      | Found Pylegefi's Armour Shop.
  4472 | D:7      | Found Lorer's Book Emporium.
  4550 | D:7      | Found a flagged portal.
  4569 | Bailey   | Entered a bailey
  4633 | Bailey   | Shot with a bolt by an orc warrior

Levels and vault maps discovered:
D:1:      ncdulo_wetmaze, layout_rooms, minmay_misc_feat_iff
D:2:      layout_loops_cross, bloody_makhleb
D:3:      corexii_shack_village, layout_basic, uniq_terence
D:4:      layout_basic, minmay_temple_entry_large_hall, first_ration,
          minmay_curled_crystal
D:5:      layout_cave_pods, uniq_grinder
D:6:      layout_loops_cross, uniq_menkaure
D:7:      layout_cave_pods, enter_bailey_3, serial_shops,
          nicolae_shop_temple_entry_statues_fountains, shop_statue, shop_statue,
          grunt_livestock, minmay_shattered_shrine
Temple:   minmay_crystal_snake_temple
Bailey:   bailey_polearm_2, bailey

Skill      XL: |  1  2  3  4  5  6  7  8 |
---------------+-------------------------+-----
Spellcasting   | 5 6 |  6.1
Short Blades   | 1 2 3 |  3.4
Axes           | 1 2 3 |  3.4
Maces & Flails | 1 2 3 |  3.4
Polearms       | 1 2 3 |  3.4
Staves         | 1 2 3 |  3.4
Slings         | 1 2 3 |  3.4
Bows           | 1 2 3 |  3.4
Crossbows      | 1 2 3 |  3.4
Throwing       | 1 2 3 |  3.4
Stealth        | 1 2 3 |  3.4
Shields        | 1 2 3 |  3.4
Unarmed Combat | 1 2 3 |  3.4
Invocations    | 1 2 3 |  3.7
Evocations     | 1 2 3 |  3.4
Conjurations   | 1 2 |  2.8
Hexes          | 1 2 |  2.8
Summonings     | 1 2 |  2.8
Necromancy     | 1 2 |  2.8
Translocations | 1 2 |  2.8
Transmutations | 1 2 |  2.8
Fire Magic     | 1 2 |  2.8
Ice Magic      | 1 2 |  2.8
Air Magic      | 1 2 |  2.8
Earth Magic    | 1 2 |  2.8
Poison Magic   | 1 2 |  2.8
Armour         | 3 4 |  4.3
Fighting       | 5 |  5.8
Long Blades    | 5 |  5.8
Dodging        | 5 |  5.8
Charms         | 6 |  6.2

Action                   |  1- 3 |  4- 6 |  7- 9 || total
-------------------------+-------+-------+-------++-------
Melee: Falchion          |    65 |    29 |       ||    94
       Bite              |     6 |    13 |    15 ||    34
       Whip              |     1 |    94 |    83 ||   178
       Punch             |       |     1 |     1 ||     2
Throw: Dart              |     3 |     3 |     1 ||     7
 Cast: Infusion          |     2 |       |       ||     2
       Shroud of Golubri |     3 |    10 |     5 ||    18
       Regeneration      |     2 |     1 |     3 ||     6
       Spectral Weapon   |       |    10 |     9 ||    19
       Song of Slaying   |       |     4 |     3 ||     7
Invok: Minor Destruction |       |       |    18 ||    18
  Use: Scroll            |     3 |       |     5 ||     8
       Potion            |     2 |       |       ||     2
 Stab: Sleeping          |       |     3 |     4 ||     7
       Distracted        |       |     1 |       ||     1
  Eat: Chunk             |       |     7 |     7 ||    14
Armor: Leather armour    |    11 |     6 |       ||    17
       Ring mail         |       |    27 |    28 ||    55
Dodge: Dodged            |    54 |    85 |    76 ||   215
       Rpst.: Falchion   |    22 |    12 |       ||    34
